AoeStats
← moron

Black Forest

504708423Analyzed
4v4 RM · 27d ago on Sep 6, 2026· 38m 23s· 8 players
Game mode
Random Map
Map size
Large (8 player)
Population
200
Speed
Normal
Resources
Standard
Victory
Conquest
Starting age
Dark Age
Ending age
Imperial Age
RankedLock teamsTeams togetherTeam positionsShared explorationLock speedFull tech treeHidden civsTurbo modeCheats
Victory
Defeat
1451
+12
🇹🇼 Huns · Taiwan
1380
+14
🇹🇼 Italians · Taiwan
1379
+14
🇮🇳 Britons · India
1276
+20
🇳🇱 Gurjaras · Netherlands
1374
-16
🇬🇧 Bohemians · United Kingdom
1365
-16
🇸🇪 Mongols · Sweden
1342
-15
🇨🇳 Vietnamese · China
1292
-13
moron
1:40 Loom
13:59 Feudal Age
16:15 Wheelbarrow
15:49 Double-Bit Axe
19:08 Castle Age
17:35 Horse Collar
25:14 Fortified Wall
29:55 Heavy Plow
31:09 Hand Cart
31:15 Hand Cart
32:31 Chemistry
34:11 Imperial Age
32:16 Bow Saw
xGusZx24
10:23 Feudal Age
14:09 Castle Age
12:35 Double-Bit Axe
15:24 Bow Saw
18:18 Wheelbarrow
19:50 Horse Collar
21:17 Fervor
22:29 Heavy Plow
28:53 Imperial Age
27:06 Gold Mining
28:18 Hand Cart
28:26 Hand Cart
27:56 Town Watch
28:03 Fletching
29:25 Ballistics
29:02 Bodkin Arrow
28:54 Onager
30:17 Bracer
31:24 Chemistry
30:33 Padded Archer Armor
30:35 Husbandry
30:46 Bloodlines
31:25 Light Cavalry
32:21 Elite Mangudai
33:59 Thumb Ring
VesperalCamp546
1:45 Loom
10:52 Feudal Age
15:03 Castle Age
13:32 Double-Bit Axe
14:02 Horse Collar
16:02 Bow Saw
23:09 Heavy Plow
23:36 Gold Mining
24:20 Stone Mining
26:07 Wheelbarrow
26:28 Stone Shaft Mining
26:53 Gold Shaft Mining
26:59 Gold Shaft Mining
30:51 Imperial Age
28:45 Hand Cart
29:32 Ballistics
29:18 Scale Mail Armor
29:29 Forging
30:42 Chain Mail Armor
32:16 Iron Casting
31:30 Elite Chakram Thrower
32:48 Plate Mail Armor
33:25 Fletching
12014665
2:41 Loom
11:11 Feudal Age
14:54 Castle Age
12:52 Horse Collar
13:50 Double-Bit Axe
15:15 Wheelbarrow
16:14 Bow Saw
28:07 Imperial Age
25:49 Fletching
26:23 Heavy Plow
28:06 Hand Cart
27:47 Gold Mining
28:09 Stone Mining
29:56 Chemistry
30:31 Two-Man Saw
30:39 Bloodlines
31:03 Scale Barding Armor
30:49 Elite Battle Elephant
32:20 Chain Barding Armor
32:38 Husbandry
33:39 Plate Barding Armor
33:11 Chatras
34:01 Forging
36:24 Iron Casting
35:46 Bodkin Arrow
35:34 Light Cavalry
moneyfusion06
1:15 Loom
13:33 Feudal Age
17:58 Castle Age
16:58 Double-Bit Axe
18:01 Horse Collar
19:39 Bow Saw
24:43 Fletching
25:56 Gold Mining
27:45 Wheelbarrow
27:05 Town Watch
28:59 Bodkin Arrow
34:27 Imperial Age
32:24 Caravan
33:27 Padded Archer Armor
33:37 Stone Mining
34:22 Gold Shaft Mining
34:24 Leather Archer Armor
35:24 Yeomen
35:11 Bracer
36:27 Chemistry
36:04 Elite Longbowman
37:28 Ballistics
37:04 Murder Holes
1★跳高獵人
0:34 Loom
11:40 Feudal Age
15:01 Double-Bit Axe
17:29 Castle Age
18:05 Wheelbarrow
18:25 Bow Saw
18:52 Horse Collar
21:57 Stone Mining
22:06 Town Watch
24:36 Heavy Plow
31:09 Imperial Age
28:58 Gold Mining
30:36 Fletching
30:57 Caravan
30:55 Treadmill Crane
33:30 Chemistry
32:42 Fortified Wall
32:54 Ballistics
32:43 Bodkin Arrow
32:16 Capped Ram
33:30 Bracer
34:30 Padded Archer Armor
34:53 Conscription
36:31 Stone Shaft Mining
36:38 Hand Cart
37:44 Town Patrol
37:58 Masonry
38:10 Bombard Tower
38:07 Leather Archer Armor
37:55 Squires
37:16 Pikeman
38:33 Silk Road
Benjamin
11:03 Feudal Age
12:12 Double-Bit Axe
12:10 Horse Collar
14:38 Castle Age
15:52 Wheelbarrow
15:42 Bow Saw
15:51 Heavy Plow
16:45 Heavy Plow
22:49 Hand Cart
22:43 Loom
22:43 Town Watch
24:00 Gold Mining
28:39 Imperial Age
26:48 Gold Shaft Mining
26:03 Stone Mining
26:57 Marauders
27:14 Bloodlines
27:04 Husbandry
27:11 Scale Barding Armor
27:16 Forging
28:37 Chain Barding Armor
28:46 Elite Tarkan
30:29 Iron Casting
31:09 Plate Barding Armor
30:57 Conscription
32:58 Light Cavalry
34:43 Two-Man Saw
35:34 Blast Furnace
36:23 Caravan
虎!虎!虎!
5:46 Double-Bit Axe
7:40 Horse Collar
12:19 Feudal Age
16:19 Castle Age
15:45 Bow Saw
15:45 Heavy Plow
20:57 Wheelbarrow
22:27 Hand Cart
22:10 Loom
23:04 Gold Mining
27:26 Imperial Age
25:29 Scale Mail Armor
25:40 Forging
25:53 Squires
27:07 Chain Mail Armor
28:38 Plate Mail Armor
28:35 Onager
30:10 Iron Casting
32:38 Cavalier
33:18 Husbandry
34:22 Blast Furnace
33:32 Scale Barding Armor
33:25 Pikeman
33:59 Capped Ram
34:26 Halberdier
36:35 Gold Shaft Mining
37:31 Conscription
37:18 Burgundian Vineyards
Connection lost

Rejoining the realm…

Still unreachable

The connection could not be restored.

Session expired

The server has moved on; the page needs a fresh start.